General information
- name: lljkMata P:| L:3
- type: Custom game
- host: lljkMata
- saver: timg5strok
map: TurtleRock
- players: 2
- length: 16:23
- speed: Fast
- version: 1.24 W3XP
- replay type: Public
» download(127 KB)
Players
team 1 (loser)
lljkMata (
green | 205 APM | 3361 actions | 16:22)
4 Archmage
2 Summon Water Elemental
2 Brilliance Aura
3 Mountain King
2 Storm Bolt
1 Bash
» actions
| Assign group hotkey | 218 | |
| Basic commands | 55 | |
| Build / train | 59 | |
| Enter build submenu | 26 | |
| Enter hero's abilities submenu | 7 | |
| Remove unit from queue | 8 | |
| Right click | 1933 | |
| Select / deselect | 742 | |
| Select group hotkey | 182 | |
| Use ability | 131 | |
3361 total
» units
| Peasant | 11 | |
| Footman | 9 | |
| Spell Breaker | 6 | |
| Sorceress | 1 | |
| Priest | -1 | |
26 total
» upgrades
| Sorceress Training | 1 | |
| Priest Training | 0 | |
1 total
» buildings
| Altar of Kings | 1 | |
| Farm | 9 | |
| Barracks | 1 | |
| Keep | 1 | |
| Arcane Vault | 1 | |
| Arcane Sanctum | 2 | |
| Scout Tower | 3 | |
| Castle | 1 | |
| Arcane Tower | 2 | |
| Town Hall | 1 | |
22 total
» build order
00:07 Altar of Kings
00:16 Farm
00:20 Barracks
01:05 Farm
01:53 Farm
01:55 Farm
02:30 Farm
03:07 Keep
03:27 Arcane Vault
06:02 Arcane Sanctum
06:49 Arcane Sanctum
08:39 Farm
08:40 Farm
11:01 Scout Tower
11:03 Scout Tower
11:03 Scout Tower
11:11 Castle
11:15 Farm
11:22 Farm
12:01 Arcane Tower
12:01 Arcane Tower
12:42 Town Hall
» items
| Scroll of Regeneration | 5 | |
| Staff of Sanctuary | 1 | |
| Scroll of Town Portal | 1 | |
7 total
team 2 (winner)
timg5strok (
gray | 138 APM | 2257 actions | 16:23)
4 Archmage
2 Summon Water Elemental
2 Brilliance Aura
3 Mountain King
2 Storm Bolt
1 Bash
» actions
| Assign group hotkey | 35 | |
| Basic commands | 134 | |
| Build / train | 52 | |
| ESC pressed | 1 | |
| Enter build submenu | 19 | |
| Enter hero's abilities submenu | 7 | |
| Give item / drop item | 2 | |
| Right click | 1092 | |
| Select / deselect | 253 | |
| Select group hotkey | 579 | |
| Use ability | 83 | |
2257 total
» units
| Peasant | 15 | |
| Footman | 4 | |
| Spell Breaker | 10 | |
| Priest | 1 | |
30 total
» upgrades
| Control Magic | 1 | |
| Magic Sentry | 1 | |
2 total
» buildings
| Altar of Kings | 1 | |
| Barracks | 1 | |
| Farm | 7 | |
| Scout Tower | 3 | |
| Arcane Tower | 1 | |
| Keep | 1 | |
| Arcane Vault | 1 | |
| Arcane Sanctum | 2 | |
| Castle | 1 | |
| Town Hall | 1 | |
| Blacksmith | 1 | |
| Lumber Mill | 1 | |
21 total
» build order
00:06 Altar of Kings
00:10 Barracks
00:16 Farm
00:57 Farm
01:46 Farm
01:50 Scout Tower
02:25 Arcane Tower
03:32 Keep
04:08 Arcane Vault
04:28 Farm
04:31 Farm
06:14 Arcane Sanctum
06:16 Arcane Sanctum
07:44 Castle
08:26 Farm
08:27 Farm
09:25 Town Hall
14:22 Blacksmith
15:26 Lumber Mill
15:28 Scout Tower
15:29 Scout Tower
» items
| Boots of Speed | 1 | |
| Lesser Clarity Potion | 1 | |
| Scroll of Regeneration | 3 | |
| Potion of Healing | 1 | |
| Staff of Sanctuary | 1 | |
| Scroll of Town Portal | 1 | |
8 total
Chat log
(00:12 / All) lljkMata: Rate My Lag
(00:24 / All) timg5strok: better than bnet
(00:31 / All) timg5strok: i hate having host tho
(00:36 / All) timg5strok: 0 ping is hard to work with
(00:46 / All) lljkMata: i spam a lot at start
(00:48 / All) lljkMata: so i get used to lag
(01:00 / All) timg5strok: well yeah
(01:03 / All) timg5strok: but when i try to aow creep
(01:05 / All) timg5strok: and i pull with archer
(01:08 / All) timg5strok: i alwasy fuck up
(03:02 / All) lljkMata: victim of thi slag
(03:04 / All) lljkMata: my cta failed
(03:14 / All) timg5strok: ye
(16:21 / All) lljkMata: gg